cohdb
Replays
Latest Replays
All Replays
Popular Replays
Top Player Replays
Match Explorer
How It Works
Community
CoH3 Stats
Reddit
Sign in to upload your games and track your stats! →
Sign in with Steam
Match 41872904
Unlisted
Match 41872904
Overview
Messages
Build Orders
End
Royal Engineer Section
Construct Section Command Post
Dingo Light Scout Car
Vickers Machine Gun Team
Vickers Machine Gun Team
Construct Platoon Command Post
Infantry Section
Selects Australian Defense Battlegroup
Selects Australian Light Infantry Section
Selects 2-pounder Anti-tank Gun Team
2-pounder Anti-tank Gun Team
Humber Armored Car
Humber Armored Car
Vickers Machine Gun Team
Construct Company Command Post
Selects Vehicle Over Repair
[82AD] PaulVmax
Socrates
Computer - Hard
FloppyBob
Kwarzym
Drone Operator
KrysKryngles
Slrig
0
0
Comments
sign in to comment!
No comments posted yet!